 Dungeon Crawl Stone Soup version 0.30-a0-374-g95c0257040 (webtiles) character file.

Game seed: 7117225341187568604

865 omnomnOMINOUS the Conjurer (level 8, -4/81 HPs)
             Began as an Octopode Wanderer on Nov 16, 2022.
             Was a Follower of Vehumet.
             Slain by a sky beast (6 damage)
             ... on level 6 of the Dungeon on Dec 20, 2022.
             The game lasted 00:26:20 (6664 turns).

omnomnOMINOUS the Conjurer (Octopode Wanderer)      Turns: 6664, Time: 00:26:20

Health: -4/81      AC: 24    Str: 10    XL:     8   Next: 3%
Magic:  2/13       EV:  2    Int: 17    God:    Vehumet [*.....]
Gold:   234        SH:  0    Dex: 12    Spells: 6/14 levels left

rFire   . . .      SeeInvis .    a - +4 hand axe
rCold   . . .      Faith    .    (no shield)
rNeg    . . .      Spirit   .    (helmet currently unavailable)
rPois   +          Reflect  .    s - amulet of regeneration
rElec   .          Harm     .    x - ring of flight
rCorr   .          Rampage  .    (no ring)
Will    .....      NoTele   +    (no ring)
Stlth   ++........               (no ring)
HPRegen 1.13/turn                (no ring)
MPRegen 0.13/turn                (no ring)
                                 (no ring)
                                 (no ring)

@: tree-form, on berserk cooldown, slowed, very slow
A: stationary, stasis, torment immunity, boosted hp, almost no armour,
(amphibious), 8 rings, (camouflage 1), (gelatinous body 1), (nimble swimmer 1),
(tentacles)
a: Renounce Religion


You were on level 6 of the Dungeon.
You worshipped Vehumet.
Vehumet was aware of your devotion.
You were a tree.
You visited 2 branches of the dungeon, and saw 7 of its levels.

You collected 234 gold pieces.

Inventory:

Hand Weapons
 a - a +4 hand axe (weapon)
 b - a +3 falchion
Missiles
 n - 2 throwing nets
Armour
 d - a +0 hat (melded)
Magical Staves
 C - a staff of air
Jewellery
 s - an amulet of regeneration (around neck)
 x - a ring of flight (left branch)
Wands
 q - a wand of iceblast (7)
Scrolls
 e - 3 scrolls of fear
 f - 4 scrolls of enchant armour {unknown}
 h - 5 scrolls of teleportation
 k - a scroll of butterflies {unknown}
 m - a scroll of vulnerability {unknown}
 o - 2 scrolls of acquirement {unknown}
 p - a scroll of immolation {unknown}
 r - a scroll of summoning {unknown}
 v - a scroll of amnesia {unknown}
 w - 2 scrolls of magic mapping {unknown}
 y - a scroll of poison {unknown}
Potions
 g - 2 potions of attraction
 i - a potion of lignification
 j - a potion of mutation
 l - 2 potions of cancellation {unknown}
 t - a potion of resistance {unknown}
 u - a potion of flight {unknown}
 z - a potion of might {unknown}
 A - a potion of degeneration {unknown}
 B - a potion of brilliance {unknown}


   Skills:
 + Level 3.8 Fighting
 - Level 3.0 Ranged Weapons
 + Level 3.1 Dodging
 - Level 1.3 Stealth
 + Level 3.6 Spellcasting
 * Level 5.2 Conjurations
 + Level 2.9 Translocations
 + Level 2.6 Earth Magic


You had 6 spell levels left.
You knew the following spells:

 Your Spells              Type           Power      Damage    Failure   Level
a - Foxfire               Conj/Fire      44%        2x1d6     5%          1
b - Blink                 Tloc           24%        N/A       8%          2
c - Stone Arrow           Conj/Erth      32%        3d9       10%         3
d - Momentum Strike       Conj/Tloc      32%        3d8       4%          2

Your spell library contained the following spells:

 Spells                   Type           Power      Damage    Failure   Level
 Freeze                   Ice            12%        1d3       17%         1
 Lesser Beckoning         Tloc           24%        N/A       16%         3
 Dazzling Flash           Conj/Hex       22%        N/A       17%         3


Dungeon Overview and Level Annotations

Branches:
Dungeon (6/15)             Temple (1/1) D:4

Altars:
Ashenzari
Cheibriados
Dithmenos
Elyvilon
Hepliaklqana
Makhleb
Nemelex Xobeh
Qazlal
Ru
Sif Muna
Trog
Uskayaw
Vehumet
Wu Jian
Yredelemnul
Zin
The Shining One

Annotations:
D:5 2 transporters, cheesebisquit's ghost, amateur MiBe


Innate Abilities, Weirdness & Mutations

You are a tree.
Your roots penetrate the ground, keeping you stationary.
You cannot be teleported.
You are immune to unholy pain and torment.
Your maximum health is greatly increased.
You cannot wear most types of armour.
((You are amphibious.))
You can wear up to eight rings at the same time.
((Your skin changes colour to match your surroundings (Stealth+).))
((Your rubbery body absorbs attacks. (AC +1, EV +1)))
((You are camouflaged when in or above water. (Stealth+)))
((You have tentacles for arms and can constrict up to eight enemies at once.))


Message History

The sky beast misses you. The sky beast closely misses you.
Casting: Stone Arrow (dangerous; 10% risk of failure)
Confirm with . or Enter, or press ? or * to list all spells.
Aiming: Momentum Strike (safe; 4% risk of failure)
Press: ? - help, Dir - move target, f - sky beast
Aim: a sky beast (severely wounded, 60% to hit)
The concentrated momentum misses the sky beast.
The sky beast misses you.
Unknown command.
Casting: Momentum Strike (safe; 4% risk of failure)
Confirm with . or Enter, or press ? or * to list all spells.
Aiming: Stone Arrow (dangerous; 10% risk of failure)
Press: ? - help, Shift-Dir - straight line, f/p - sky beast
Aim: a sky beast (severely wounded, 56% to hit)
The stone arrow hits the sky beast!
The sky beast is almost dead.
The sky beast hits you.
* * * LOW HITPOINT WARNING * * *
The sky beast shocks you.
* * * LOW HITPOINT WARNING * * *
The sky beast hits you.
* * * LOW HITPOINT WARNING * * *
The sky beast shocks you.
* * * LOW HITPOINT WARNING * * *
Okay, then.
Unknown command.
Okay, then.
Unknown command.
Really quaff the potion of lignification?
You turn into a tree.
Your +0 hat melds into your body.
Your roots penetrate the ground.
The sky beast flickers out of sight!
Deactivating autopickup; reactivate with Ctrl-A.
Something hits you but does no damage.
Unknown command.
You cannot move.
You cannot move.
You barely miss something. Something hits you.
* * * LOW HITPOINT WARNING * * *
Something shocks you.
You die...

#.## ###
#<....#
...
##...⌠
#....##
.. #.....
#.####
#?8._.
#.#
#.....
#.# #.$.⌠
##.# ..[
##..#
#{###..##
#.♣...##
#######


There were no monsters in sight!

Vanquished Creatures
  A water moccasin (D:6)
  An orc warrior (D:6)
  A black bear (D:4)
  An ogre (D:6)
  A centaur (D:5)
  A phantom (D:4)
  A necrophage (D:6)
  A wight (D:6)
  A howler monkey (D:5)
  A hound (D:5)
  2 orc priests
  An iguana (D:6)
  3 orc wizards
  4 adders
  A white imp (D:6)
  3 worms
  2 dart slugs
  21 orcs
  A bat (D:2)
  4 endoplasms
  3 giant cockroaches
  6 goblins
  5 hobgoblins
  3 quokkas
  3 ball pythons (D:1)
  5 frilled lizards
  6 kobolds
  7 rats
90 creatures vanquished.

Vanquished Creatures (others)
  A black bear (D:5)
  A centaur (D:6)
  A scorpion (D:6)
  2 wights (D:6)
  A jelly (D:5)
  An orc priest (D:4)
  2 orc wizards
  2 adders
  2 white imps
  A dart slug (D:2)
  An orc (D:4)
  4 endoplasms
  A hobgoblin (D:3)
  3 ball pythons
  A frilled lizard (D:2)
  3 kobolds
  226 foxfires
253 creatures vanquished.

Grand Total: 343 creatures vanquished

Notes
Turn   | Place    | Note
-------+----------+-------------------------------------------
     0 | D:1      | omnomnOMINOUS the Octopode Wanderer began the quest for the
                  | Orb.
     0 | D:1      | omnomnOMINOUS set off with the following items: a +0 sling,
                  | a +0 hat, a scroll of blinking; and the following spell
                  | memorised: Foxfire; and the following spells available to
                  | memorise: Dazzling Flash, Stone Arrow.
     0 | D:1      | Reached XP level 1. HP: 14/14 MP: 3/3
   472 | D:1      | Reached XP level 2. HP: 19/19 MP: 3/5
  1209 | D:2      | Reached XP level 3. HP: 25/25 MP: 2/6
  1291 | D:2      | Reached skill level 1 in Dodging
  1343 | D:2      | Learned a level 2 spell: Momentum Strike
  1343 | D:2      | Upgraded the game from 0.30-a0-365-ge7f957f1db to
                  | 0.30-a0-371-gad7725a93e
  1580 | D:2      | Upgraded the game from 0.30-a0-371-gad7725a93e to
                  | 0.30-a0-374-g95c0257040
  2275 | D:3      | Learned a level 3 spell: Stone Arrow
  2413 | D:3      | Reached XP level 4. HP: 10/30 MP: 3/7
  2550 | D:3      | Reached skill level 3 in Conjurations
  3320 | D:4      | Found a staircase to the Ecumenical Temple.
  3332 | Temple   | Entered the Ecumenical Temple
  3449 | Temple   | Became a worshipper of Vehumet
  3487 | D:4      | Learned a level 2 spell: Blink
  3555 | D:4      | Found a snail-covered altar of Cheibriados.
  3569 | D:4      | Noticed a phantom
  3607 | D:5      | Entered Level 5 of the Dungeon
  3626 | D:4      | Killed a phantom
  3627 | D:4      | Reached skill level 1 in Translocations
  3627 | D:4      | Reached XP level 5. HP: 23/35 MP: 0/8
  4179 | D:4      | Found a bloodstained altar of Trog.
  4189 | D:4      | Identified the +1 robe "Arghobbow" {+Blink rC+ rN+ Str+3}
  4332 | D:4      | Noticed a black bear
  4366 | D:4      | Killed a black bear
  4367 | D:4      | Reached skill level 1 in Earth Magic
  4680 | D:5      | Reached XP level 6. HP: 42/42 MP: 4/10
  4684 | D:5      | Noticed a black bear
  4832 | D:5      | Found a shimmering blue altar of Sif Muna.
  4994 | D:5      | Reached skill level 4 in Conjurations
  5129 | D:5      | Found a transporter.
  5181 | D:5      | Found a transporter.
  5183 | D:5      | Noticed cheesebisquit's ghost (amateur MiBe)
  5408 | D:5      | Killed a black bear
  5868 | D:6      | Noticed a water moccasin
  5873 | D:6      | Killed a water moccasin
  5874 | D:6      | Reached XP level 7. HP: 42/46 MP: 4/11
  6212 | D:6      | Reached * piety under Vehumet
  6212 | D:6      | Offered knowledge of Freeze by Vehumet.
  6438 | D:6      | Found a glowing silver altar of Zin.
  6638 | D:6      | Found a sparkling altar of Nemelex Xobeh.
  6644 | D:6      | Reached skill level 5 in Conjurations
  6650 | D:6      | Reached XP level 8. HP: 53/54 MP: 5/13
  6662 | D:6      | HP: 1/54 [sky beast (6)]
  6664 | D:6      | Slain by a sky beast

Illustrated notes

Levels and vault maps discovered:
D:1:      saegor_arrival_simple_a, layout_basic,
          amcnicky_mini_rare_corridor_liquid, corexii_hall_statues_x,
          minmay_cupped
D:2:      layout_basic
D:3:      layout_rooms
D:4:      layout_gridville, old_standard_altar, lemuel_crystal_altar,
          minmay_temple_entry_hall
D:5:      layout_basic, mainiacjoe_overflow_small_starburst,
          gammafunk_ghost_stat_death, chequers_serial_rivers_room_b,
          ebering_dispersal_statue_hall, corexii_mini_fake_secret_closet,
          minmay_holes
D:6:      layout_basic, grunt_temple_overflow_opulence,
          overflow_temple_1_default, mainiacjoe_overflow_six_doors_small
Temple:   nicolae_temple_godzebo

Skill      XL: |  1  2  3  4  5  6  7 |
---------------+----------------------+-----
Dodging        | 1 2 3 |  3.1
Conjurations   | 3 4 5 |  5.2
Translocations | 1 2 |  2.9
Fighting       | 3 |  3.8
Earth Magic    | 1 2 |  2.6
Spellcasting   | 3 |  3.6
Ranged Weapons | |  3.0
Stealth        | |  1.3

Action                   |  1- 3 |  4- 6 |  7- 9 || total
-------------------------+-------+-------+-------++-------
Melee: Staff             |    13 |    69 |     1 ||    83
       Constrict         |     3 |    17 |     7 ||    27
       Tentacles         |     2 |    14 |     4 ||    20
       Punch             |       |     1 |     2 ||     3
       Hand axe          |       |       |    25 ||    25
 Fire: Sling             |     7 |       |       ||     7
 Cast: Foxfire           |    42 |    63 |    24 ||   129
       Momentum Strike   |    11 |    28 |     9 ||    48
       Blink             |       |     3 |     2 ||     5
       Stone Arrow       |       |     1 |     5 ||     6
Evoke: Wand              |       |     1 |       ||     1
  Use: Scroll            |       |     7 |     1 ||     8
       Potion            |       |     1 |     2 ||     3
 Stab: Sleeping          |     1 |       |       ||     1
Armor: Skin              |     2 |     4 |     2 ||     8
Dodge: Dodged            |    15 |    61 |    10 ||    86

Table legend: (Time is in decaauts)
 A = Elapsed time spent in this place.
 B = Non-inter-level travel time spent in this place.
 C = Inter-level travel time spent in this place.
 D = Time resting spent in this place.
 E = Time spent auto-exploring this place.
 F = Levels seen in this place.
 G = Mean time per level.
                   A        B        C        D        E       F      G
               +--------+--------+--------+--------+--------+-----+--------+
         Total |   6688 |   6417 |    271 |   1617 |   3612 |   7 |  955.4 |
       Dungeon |   6538 |   6298 |    240 |   1617 |   3516 |   6 | 1089.7 |
        Temple |    150 |    119 |     31 |      0 |     96 |   1 |  150.0 |
               +--------+--------+--------+--------+--------+-----+--------+

Top non-repeatable levels by time:
     D:2: 1466 daAuts
     D:5: 1281 daAuts
     D:1: 1173 daAuts
     D:4: 1154 daAuts
     D:6: 833 daAuts
     D:3: 628 daAuts
  Temple: 150 daAuts
